 Dungeon Crawl Stone Soup version 0.29-a0-817-g9904bce7a6 (webtiles) character file.

Game seed: 15040547119767954026

21 gobodom the Grave Robber (level 2, -5/19 HPs)
             Began as a Demonspawn Necromancer on July 6, 2022.
             Slain by a gnoll
             ... wielding a +0 whip
              (8 damage)
             ... on level 1 of the Dungeon.
             The game lasted 00:01:57 (691 turns).

gobodom the Grave Robber (Demonspawn Necromancer)    Turns: 691, Time: 00:01:58

Health: -5/19      AC:  2    Str:  8    XL:     2   Next: 65%
Magic:  3/5        EV: 12    Int: 16    God:
Gold:   5          SH:  0    Dex: 13    Spells: 4/5 levels left

rFire   . . .      SeeInvis .   i - +2 whip (drain)
rCold   . . .      Faith    .   (no shield)
rNeg    . . .      Spirit   .   a - +0 robe
rPois   .          Reflect  .   (no helmet)
rElec   .          Harm     .   (no cloak)
rCorr   .          Rampage  .   (no gloves)
Will    .....                   (no boots)
Stlth   ++........              (no amulet)
HPRegen 0.06/turn               (no ring)
MPRegen 0.09/turn               (no ring)

@: no status effects
A: weakness stinger 1
a: no special abilities


You were on level 1 of the Dungeon.
You visited 1 branch of the dungeon, and saw 1 of its levels.

You collected 5 gold pieces.

Inventory:

Hand Weapons
 i - a +2 whip of draining (weapon)
Missiles
 e - a throwing net
Armour
 a - a +0 robe (worn)
Scrolls
 c - 4 scrolls of identify {unknown}
 d - a scroll of teleportation {unknown}
 f - a scroll of noise {unknown}
 h - a scroll of acquirement {unknown}
 k - a scroll of fear {unknown}
Potions
 b - a potion of magic
 g - a potion of flight {unknown}
 j - a potion of heal wounds {unknown}


   Skills:
 + Level 0.3 Maces & Flails
 + Level 1.8 Dodging
 + Level 2.0 Stealth
 + Level 2.1 Spellcasting
 + Level 4.9 Necromancy


You had 4 spell levels left.
You knew the following spells:

 Your Spells              Type           Power      Damage    Failure   Level
a - Necrotise             Necr           68%        1d7       2%          1

Your spell library contained the following spells:

 Spells                   Type           Power      Damage    Failure   Level
 Vampiric Draining        Necr           17%        2d7       8%          3
 Animate Dead             Necr           17%        N/A       26%         4
 Agony                    Necr           17%        N/A       58%         5


Dungeon Overview and Level Annotations

Branches:
Dungeon (1/15)

Altars:


Innate Abilities, Weirdness & Mutations

You have a small tail.


Message History

The endoplasm is severely wounded.
The endoplasm hits you. The endoplasm misses you.
You hit the endoplasm.
You tail-slap the endoplasm, but do no damage.
You punch the endoplasm.
You kill the endoplasm!
A hobgoblin comes into view.
You see here 5 gold pieces.
You now have 5 gold pieces.
The hobgoblin shouts!
You hear a shout!
A gnoll comes into view. It is wielding a +0 whip.
Found a scroll labelled AMAW CIHAYWKYE and a scroll labelled QAICOB TIUXTU.
A hobgoblin comes into view.
The hobgoblin shouts!
The gnoll misses you.
The hobgoblin moves out of view.
You hit the hobgoblin but do no damage. You drain the hobgoblin.
The hobgoblin is almost dead.
The gnoll hits you with a +0 whip. The hobgoblin closely misses you.
You hit the hobgoblin.
You kill the hobgoblin!
The gnoll hits you with a +0 whip.
You closely miss the gnoll. You punch the gnoll.
The gnoll is moderately wounded.
The gnoll hits you with a +0 whip!
* * * LOW HITPOINT WARNING * * *
You are too injured to fight recklessly!
Casting: Necrotise (safe; 2% risk of failure)
Confirm with . or Enter, or press ? or * to list all spells.
Aiming: Necrotise (safe; 2% risk of failure)
Press: ? - help, Shift-Dir - straight line, f - gnoll
Aim: a gnoll, wielding a +0 whip (moderately wounded, chance to affect: 81%)
The gnoll writhes in agony.
The gnoll hits you with a +0 whip.
* * * LOW HITPOINT WARNING * * *
Casting: Necrotise (safe; 2% risk of failure)
Confirm with . or Enter, or press ? or * to list all spells.
Aiming: Necrotise (safe; 2% risk of failure)
Press: ? - help, Shift-Dir - straight line, f/p - gnoll
Aim: a gnoll, wielding a +0 whip (moderately wounded, chance to affect: 81%)
The gnoll writhes in agony.
The gnoll hits you with a +0 whip!
You die...

#.#.## #....# ..#
#....#.#....# ##
######.#...)#########
..[..............#..
.#####.#.#..####.#.###
.# # #.#..####.....
.#####.#.#.........#####
.......#.#...##..†....?.
.#######.#...##.@#..###
.# #.#.#.#...g......
.#######.#.#.>..#..#.?..
.........#.##...#.......
##########. #...#.#....
.. #...........
#.#.#.......
#.#.######## #.#..


You could see a gnoll.

Vanquished Creatures
  A dart slug (D:1)
  2 endoplasms (D:1)
  2 goblins (D:1)
  A hobgoblin (D:1)
  3 kobolds (D:1)
  4 ball pythons (D:1)
  A frilled lizard (D:1)
  3 rats (D:1)
17 creatures vanquished.

Vanquished Creatures (collateral kills)
  A goblin (D:1)
1 creature vanquished.

Grand Total: 18 creatures vanquished

Notes
Turn   | Place    | Note
-------+----------+-------------------------------------------
     0 | D:1      | gobodom the Demonspawn Necromancer began the quest for the
                  | Orb.
     0 | D:1      | Reached XP level 1. HP: 13/13 MP: 3/3
   338 | D:1      | Gained mutation: You have a small tail. [demonic ancestry]
   338 | D:1      | Reached XP level 2. HP: 19/19 MP: 3/5
   691 | D:1      | Slain by a gnoll

Illustrated notes

Levels and vault maps discovered:
D:1:      shiori_arrival_oz, layout_basic

Skill      XL: |  1  2 |
---------------+-------+-----
Stealth        | 2 |  2.0
Maces & Flails | |  0.3
Dodging        | |  1.8
Spellcasting   | |  2.1
Necromancy     | |  4.9

Action                   || total
-------------------------++-------
Melee: Whip              ||     9
       Tailslap          ||     4
       Punch             ||     2
 Cast: Necrotise         ||    22
Dodge: Dodged            ||     4

Table legend: (Time is in decaauts)
 A = Elapsed time spent in this place.
 B = Non-inter-level travel time spent in this place.
 C = Inter-level travel time spent in this place.
 D = Time resting spent in this place.
 E = Time spent auto-exploring this place.
 F = Levels seen in this place.
 G = Mean time per level.
                   A        B        C        D        E       F      G
               +--------+--------+--------+--------+--------+-----+--------+
         Total |    691 |    691 |      0 |      0 |    577 |   1 |  691.0 |
       Dungeon |    691 |    691 |      0 |      0 |    577 |   1 |  691.0 |
               +--------+--------+--------+--------+--------+-----+--------+

Top non-repeatable levels by time:
     D:1: 691 daAuts
